 Dungeon Crawl Stone Soup version 0.27.1 (webtiles) character file.

Game seed: 5494070437361556079

784 cummra the Digger (level 7, -6/36 HPs)
             Began as a Gargoyle Earth Elementalist on Sept 2, 2021.
             Mangled by a gargoyle (9 damage)
             ... on level 5 of the Dungeon.
             The game lasted 00:11:01 (5766 turns).

cummra the Digger (Gargoyle Earth Elementalist)     Turns: 5766, Time: 00:11:02

Health: -6/36      AC:  9    Str: 11    XL:     7   Next: 86%
Magic:  4/14       EV: 11    Int: 18    God:
Gold:   197        SH:  0    Dex: 10    Spells: 12/16 levels left

rFire    . . .     SeeInvis .   d - +1 flail (drain)
rCold    . . .     Faith    .   (no shield)
rNeg     + . .     Spirit   .   b - +0 robe
rPois    ∞         Reflect  .   (no helmet)
rElec    +         Harm     .   n - +1 cloak
rCorr    .         Rampage  .   e - +0 pair of gloves
Will     .....                  (no boots)
Stlth    ++........             (no amulet)
HPRegen  0.12/turn              k - ring of wizardry
MPRegen  0.14/turn              (no ring)

@: no status effects
A: sickness immunity, AC +4, negative energy resistance 1, electricity
resistance, torment resistance 1, petrification resistance
a: no special abilities


You were on level 5 of the Dungeon.
You visited 1 branch of the dungeon, and saw 5 of its levels.

You collected 197 gold pieces.

Inventory:

Hand Weapons
 d - a +1 flail of draining (weapon)
Missiles
 c - 119 stones
Armour
 b - a +0 robe (worn)
 e - a +0 pair of gloves (worn)
 n - a +1 cloak (worn)
Jewellery
 k - a ring of wizardry (left hand)
Scrolls
 f - a scroll of identify
 h - a scroll of fog
 i - 2 scrolls of immolation
 l - a scroll of holy word {unknown}
Potions
 a - 3 potions of lignification
 g - a potion of heal wounds {unknown}
 j - 2 potions of curing {unknown}
 m - 2 potions of degeneration {unknown}


   Skills:
 - Level 1.5 Dodging
 - Level 2.1 Stealth
 + Level 5.1 Spellcasting
 + Level 4.3 Conjurations
 - Level 0.7 Transmutations
 + Level 7.2 Earth Magic


You had 12 spell levels left.
You knew the following spells:

 Your Spells              Type           Power      Damage    Failure   Level
a - Sandblast             Erth           60%        2d14      1%          1
b - Stone Arrow           Conj/Erth      50%        3d10      1%          3

Your spell library contained the following spells:

 Spells                   Type           Power      Damage    Failure   Level
 Passwall                 Tmut/Erth      15%        N/A       1%          2
 Petrify                  Tmut/Erth      18%        N/A       11%         4


Dungeon Overview and Level Annotations

Branches:
Dungeon (5/15)
 Temple: D:4-7

Altars:
Kikubaaqudgha
Wu Jian


Innate Abilities, Weirdness & Mutations

You are immune to sickness and miasma.
Your stone body is resilient. (AC +4)
You are immune to poison.
You resist negative energy. (rN+)
You are resistant to electric shocks. (rElec)
You are resistant to unholy torment.
You are immune to petrification.


Message History

The blast of sand hits the gargoyle but does no damage.
Casting: Sandblast (safe; 1% risk of failure)
Confirm with . or Enter, or press ? or * to list all spells.
Aiming: Sandblast (safe; 1% risk of failure)
Press: ? - help, Shift-Dir - straight line, f/p - gargoyle
Aim: a gargoyle, wielding a +0 mace (91% to hit)
The blast of sand hits the gargoyle.
The gargoyle is lightly damaged.
The gargoyle hurls a stone arrow at you.
The stone arrow misses you.
Casting: Sandblast (safe; 1% risk of failure)
Confirm with . or Enter, or press ? or * to list all spells.
Aiming: Sandblast (safe; 1% risk of failure)
Press: ? - help, Shift-Dir - straight line, f/p - gargoyle
Aim: a gargoyle, wielding a +0 mace (lightly damaged, 91% to hit)
The blast of sand hits the gargoyle but does no damage.
The gargoyle is lightly damaged.
Casting: Sandblast (safe; 1% risk of failure)
Confirm with . or Enter, or press ? or * to list all spells.
Aiming: Sandblast (safe; 1% risk of failure)
Press: ? - help, Shift-Dir - straight line, f/p - gargoyle
Aim: a gargoyle, wielding a +0 mace (lightly damaged, 91% to hit)
The blast of sand hits the gargoyle but does no damage.
The gargoyle is lightly damaged.
The gargoyle misses you.
Casting: Sandblast (safe; 1% risk of failure)
Confirm with . or Enter, or press ? or * to list all spells.
Aiming: Sandblast (safe; 1% risk of failure)
Press: ? - help, Shift-Dir - straight line, f/p - gargoyle
Aim: a gargoyle, wielding a +0 mace (lightly damaged, 91% to hit)
The blast of sand hits the gargoyle but does no damage.
The gargoyle is lightly damaged.
The gargoyle hits you with a +0 mace!
You barely miss the gargoyle.
The gargoyle is lightly damaged.
The gargoyle hurls a stone arrow at you.
The stone arrow hits you!
* * * LOW HITPOINT WARNING * * *
The gargoyle hits you with a +0 mace!
You die...

..#..........#.....#
.##.........##.....#
.#..........###'##.#
....###............#
....# +....†.......#
....###............#
...................#
.##.....######....##
.#######...###.9@.##
............'......#
............#......#
............#......#
............#......#
........9...#......#
......##...##.....##
.##...##..s #.....#
.# ...##... #.....#


You could see a gargoyle.

Vanquished Creatures
  Grinder (D:3)
  A black bear (D:4)
  A howler monkey (D:5)
  2 jellies
  2 hounds
  A bullfrog skeleton (D:4)
  A scorpion zombie (D:5)
  3 iguanas (D:4)
  A hound skeleton (D:4)
  11 adders
  An ufetubus (D:5)
  2 worms
  2 dart slugs
  2 orcs
  6 bats
  3 endoplasms (D:2)
  7 giant cockroaches
  5 goblins
  12 hobgoblins
  11 jackals
  5 kobolds
  2 quokkas
  11 ball pythons
  6 frilled lizards
  6 rats
105 creatures vanquished.

Notes
Turn   | Place    | Note
-------+----------+-------------------------------------------
     0 | D:1      | cummra the Gargoyle Earth Elementalist began the quest for
                  | the Orb.
     0 | D:1      | Reached XP level 1. HP: 10/10 MP: 3/3
   287 | D:1      | Found a faded altar of an unknown god.
   364 | D:1      | Reached skill level 4 in Earth Magic
   364 | D:1      | Reached XP level 2. HP: 10/15 MP: 3/5
  1044 | D:1      | Reached XP level 3. HP: 18/19 MP: 6/6
  1780 | D:2      | Reached XP level 4. HP: 12/24 MP: 4/8
  2067 | D:2      | Reached skill level 5 in Earth Magic
  2881 | D:3      | Learned a level 3 spell: Stone Arrow
  2996 | D:3      | Noticed Grinder
  3011 | D:3      | Paralysed by Grinder for 6 turns
  3042 | D:3      | HP: 1/24 [Grinder/nerve-wracking pain (4)]
  3043 | D:3      | Killed Grinder
  3044 | D:3      | Reached skill level 6 in Earth Magic
  3044 | D:3      | Reached XP level 5. HP: 1/28 MP: 1/11
  3044 | D:3      | Reached XP level 6. HP: 1/32 MP: 1/12
  3422 | D:3      | Found an ornate altar of the Wu Jian Council.
  3698 | D:3      | Found an ancient bone altar of Kikubaaqudgha.
  4278 | D:4      | Noticed a black bear
  4365 | D:4      | Killed a black bear
  4366 | D:4      | Reached XP level 7. HP: 34/36 MP: 7/13
  5528 | D:5      | Entered Level 5 of the Dungeon
  5538 | D:5      | Reached skill level 7 in Earth Magic
  5619 | D:5      | Reached skill level 5 in Spellcasting
  5750 | D:5      | Noticed a gargoyle
  5766 | D:5      | Mangled by a gargoyle

Illustrated notes

Levels and vault maps discovered:
D:1:      dpeg_arrival_fog, layout_basic,
          hellmonk_ecumenical_altar_prayer_group, minmay_misc_feat_x
D:2:      layout_loops_ring, kennysheep_generic_room_5
D:3:      layout_basic, nicolae_kikubaaqudgha_miasma_corner,
          mainiacjoe_overflow_chevrons, uniq_grinder
D:4:      layout_basic, minmay_snake_closets
D:5:      layout_gridville, kennysheep_mini_moat, gammafunk_ghost_nasty_kobolds,
          uniq_prince_ribbit1, uniq_menkaure

Skill      XL: |  1  2  3  4  5  6  7 |
---------------+----------------------+-----
Earth Magic    | 4 6 7 |  7.2
Spellcasting   | 3 4 5 |  5.1
Conjurations   | 2 3 4 |  4.3
Dodging        | |  1.5
Stealth        | |  2.1
Transmutations | |  0.7

Action                   |  1- 3 |  4- 6 |  7- 9 || total
-------------------------+-------+-------+-------++-------
Melee: Unarmed           |    50 |       |       ||    50
       Flail             |    62 |    93 |    69 ||   224
 Cast: Sandblast         |    23 |    27 |    23 ||    73
       Stone Arrow       |       |     1 |    12 ||    13
  Use: Scroll            |       |     6 |     2 ||     8
 Stab: Sleeping          |     1 |     2 |     3 ||     6
Armor: Robe              |    55 |    57 |    39 ||   151
Dodge: Dodged            |    80 |    83 |    54 ||   217
